 Dungeon Crawl Stone Soup version 0.28-a0-881-gae16bb6c82 (webtiles) character file.

Game seed: 10493728971679558558

77282 AvatarAndi78 the Peltast (level 15, -11/137 HPs)
             Began as a Minotaur Berserker on Nov 18, 2021.
             Was an Elder of Trog.
             Drowned by a drowned soul (14 damage)
             ... summoned by a merfolk avatar
             ... on level 1 of the Shoals on Nov 21, 2021.
             The game lasted 01:08:20 (28109 turns).

AvatarAndi78 the Peltast (Minotaur Berserker)      Turns: 28109, Time: 01:08:21

Health: -11/137    AC: 26    Str: 25      XL:     15   Next: 14%
Magic:  14/14      EV:  9    Int:  4      God:    Trog [****..]
Gold:   1546       SH: 20    Dex: 12 (13) Spells: 14/14 levels left

rFire   + + .      SeeInvis .   K - +4 eveningstar (protect)
rCold   + . .      Faith    .   l - +1 kite shield
rNeg    . . .      Spirit   .   A - +4 plate armour {rF+}
rPois   .          Reflect  +   (helmet restricted)
rElec   .          Harm     .   T - scarf {rC+ rF+}
rCorr   .          Rampage  .   b - +0 pair of gloves
Will    +....                   (no boots)
Stlth   ..........              m - amulet of reflection
HPRegen 0.32/turn               g - ring of flight
MPRegen 0.14/turn               q - +4 ring of protection

@: flying, mesmerised
A: horns 2, retaliatory headbutt, deterioration 1
a: Renounce Religion, Berserk, Trog's Hand, Brothers in Arms


You were on level 1 of the Shoals.
You worshipped Trog.
Trog was greatly pleased with you.
You visited 4 branches of the dungeon, and saw 22 of its levels.
You also visited: Bailey and Ice Cave.

You collected 2400 gold pieces.
You spent 854 gold pieces at shops.

Inventory:

Hand Weapons
 a - a +5 spear of flaming
 K - a +4 eveningstar of protection (weapon)
 N - a +5 vampiric flail
Missiles
 H - a throwing net (quivered)
Armour
 b - a +0 pair of gloves (worn)
 f - a +2 scale mail of positive energy
 l - a +1 kite shield (worn)
 p - a +1 leather armour of willpower
 A - a +4 plate armour of fire resistance (worn)
 L - the +8 scale mail "Ducwan" {Regen+ Int+2 Dex-3}
   (You found it on level 9 of the Dungeon)

   Int:       It affects your intelligence (+2).
   Dex:       It affects your dexterity (-3).
   Regen:     It increases your rate of health regeneration.
 T - a scarf of resistance (worn)
Jewellery
 e - an amulet of magic regeneration
 g - a ring of flight (left hand)
 m - an amulet of reflection (around neck)
 n - a ring of fire
 o - a +6 ring of strength
 q - a +4 ring of protection (right hand)
 O - a ring of ice
 S - a ring of protection from cold
Wands
 j - a wand of flame (58)
 r - a wand of digging (7)
 w - a wand of polymorph (19)
 y - a wand of acid (21)
 D - a wand of paralysis (11)
 F - a wand of charming (9)
 G - a wand of iceblast (8)
 I - a wand of mindburst (22)
Scrolls
 d - a scroll of blinking
 t - 5 scrolls of fear
 u - 3 scrolls of identify
 B - 2 scrolls of fog
 C - 12 scrolls of teleportation
 P - 2 scrolls of magic mapping
Potions
 c - 6 potions of flight
 h - 2 potions of heal wounds
 i - 2 potions of resistance
 v - 4 potions of haste
 z - 8 potions of curing
 M - a potion of might
 Q - a potion of cancellation
 R - a potion of magic
Miscellaneous
 U - a lightning rod (2/4)


   Skills:
 * Level 13.9 Fighting
 - Level 2.2 Short Blades
 + Level 5.7(12.5) Axes
 + Level 9.3(10.0) Maces & Flails
 * Level 14.8(15.2) Polearms
 * Level 14.6 Armour
 + Level 4.9 Dodging
 + Level 1.7 Stealth
 * Level 17.6 Shields
 + Level 0.6 Evocations


You had 14 spell levels left.
You didn't know any spells.
Your spell library was empty.

Dungeon Overview and Level Annotations

Branches:
Dungeon (14/15)            Temple (1/1) D:6            Lair (6/6) D:8
 Shoals (1/4) Lair:4       Spider (0/4) Lair:4        Slime (0/5) Lair:5
    Orc (0/2) D:11         Vaults (0/5) D:13         Bailey (visited)
  IceCv (visited)

Altars:
Ashenzari
Cheibriados
Dithmenos
Elyvilon
Fedhas
Gozag
Hepliaklqana
Kikubaaqudgha
Makhleb
Nemelex Xobeh
Okawaru
Qazlal
Ru
Sif Muna
Trog
Uskayaw
Vehumet
Wu Jian
Xom
Yredelemnul
Zin
The Shining One
Jiyva

Shops:
D:4 ?=   D:9 (   Shoals:1 *?

Portals:
Trove: D:11 (give 15 scrolls of teleportation)


Innate Abilities, Weirdness & Mutations

You have a pair of horns on your head.
You reflexively headbutt those who attack you in melee.
Your body sometimes deteriorates upon taking damage.


Message History

You reflect the sling bullet off an invisible shield around you!
The sling bullet hits the faun!!
The faun shoots a stone.
The stone closely misses you.
The merfolk siren chants its luring song.
Your surroundings suddenly seem different.
Found 21 gold pieces.
You are no longer entranced.
A merfolk avatar comes into view.
The merfolk avatar shouts!
The merfolk avatar chants a haunting song.
You resist.
Your extra speed is starting to run out.
The merfolk avatar chants a haunting song.
You are mesmerised by the merfolk avatar!
You cannot move away from the merfolk avatar!
Shadowy forms rise from the deep at the merfolk avatar's song!
You recover from your berserk rage.
Your skin stops crawling.
You feel less strong-willed.
The merfolk avatar chants its luring song.
You cannot move away from the merfolk avatar!
The pull of its song draws you forwards.
Found 2 scrolls of magic mapping.
The merfolk avatar chants its luring song.
You barely miss the drowned soul. You block the drowned soul's attack.
The merfolk avatar chants its luring song.
You hit the drowned soul.
Your weapon exudes an aura of protection.
Your headbutt misses the drowned soul.
The drowned soul is lightly damaged.
The drowned soul touches you. The drowned soul drowns you!
* * * LOW HITPOINT WARNING * * *
The merfolk avatar chants its luring song.
You feel yourself slow down.
The merfolk avatar chants its luring song.
You feel your willpower return. The drowned soul touches you.
The drowned soul drowns you!
* * * LOW HITPOINT WARNING * * *
Your body deteriorates!
You feel clumsy. The drowned soul touches you. The drowned soul drowns you!
You die...

#≈≈≈≈≈≈≈≈≈≈≈≈≈≈≈≈≈≈
#≈≈≈≈≈≈≈≈W≈≈≈≈≈≈≈≈≈
#≈≈≈≈≈≈≈≈≈≈≈≈≈≈≈≈≈≈
#≈≈≈≈≈≈≈≈≈≈≈≈≈≈≈≈≈≈
#≈≈≈≈≈≈W≈≈≈≈≈≈≈≈≈≈≈
#≈≈≈≈≈≈≈≈≈≈≈≈≈≈≈≈≈≈
#≈≈≈≈≈≈≈≈≈≈W≈≈W≈≈≈≈
#≈≈≈≈≈≈≈≈≈≈≈≈≈≈?≈≈≈
#≈≈≈≈≈≈≈≈m≈@≈..≈≈≈≈
#≈≈≈≈≈≈≈≈≈≈≈≈..≈≈≈.
#≈≈≈≈≈≈≈≈≈≈≈≈..≈≈≈.
#≈≈≈≈≈≈≈≈≈≈....≈≈≈.
#≈≈≈≈≈≈≈≈≈≈≈≈≈≈≈≈≈.
#≈≈≈≈≈≈≈≈P≈P..≈≈≈≈≈
#≈≈≈≈≈≈≈PPP...≈≈≈≈≈
#≈≈≈≈≈≈≈PP≈.P.≈≈...
#≈≈≈≈≈≈≈PPPP.#


You could see a merfolk avatar (mesmerising) and 4 drowned souls.

Vanquished Creatures
  2 acid blobs (Lair:5)
  The ghost of tensugalgo the Warrior, a journeyman OgCK of Xom (Lair:6)
  A frost giant (IceCv)
  A merfolk impaler (Shoals:1)
  Snorg (D:10)
  A boulder beetle (Lair:3)
  Harold (D:7)
  8 hydras
  3 catoblepae
  7 two-headed ogres
  17 death yaks
  A merfolk aquamancer (Shoals:1)
  Sonja (D:11)
  An iron troll (D:13)
  A lindwurm (Lair:5)
  An ugly thing (D:12)
  A manticore (Shoals:1)
  2 deep elf pyromancers
  3 cyclopes (D:11)
  An elephant (shapeshifter) (D:14)
  6 elephants
  A merfolk siren (Shoals:1)
  An ice statue (IceCv)
  4 black mambas
  Maurice (D:10)
  13 cane toads
  A gargoyle (D:12)
  A kobold demonologist (D:10)
  An unseen horror (D:12)
  6 rime drakes (IceCv)
  8 komodo dragons
  2 ice devils (Lair:5)
  2 merfolk (Shoals:1)
  6 polar bears
  6 trolls
  6 hornets
  A merfolk (shapeshifter) (D:12)
  14 blink frogs
  A dream sheep (Lair:6)
  2 shadows (D:10)
  2 water elementals (Shoals:1)
  11 spriggans (Lair:6)
  3 redbacks (Lair:4)
  4 wyverns
  A vampire (D:12)
  2 humans (D:9)
  5 basilisks
  47 yaks
  A steam dragon (D:9)
  6 vampire mosquitoes
  14 water moccasins
  2 acid dragons
  Pargi (D:3)
  7 orc warriors
  6 black bears
  An ice beast (D:6)
  A sky beast (D:8)
  3 necrophages
  34 wolves
  An ogre (D:4)
  4 boggarts (Lair:6)
  3 phantoms (D:4)
  5 centaurs
  3 kobold brigands
  21 bullfrogs
  A scorpion (D:6)
  A gnoll sergeant (D:7)
  A wyvern zombie (D:5)
  10 killer bees
  A wight (D:10)
  5 electric eels
  A vampire bat (Lair:2)
  A bullfrog zombie (D:5)
  A jelly (D:5)
  10 centaur zombies
  2 hounds
  2 bullfrog skeletons
  2 orc priests
  Terence (D:3)
  8 iguanas
  10 orc wizards
  Natasha (D:2)
  2 howler monkey zombies
  13 gnolls
  9 adders
  A white imp (D:6)
  2 ufetubi
  2 worms
  3 dart slugs
  38 orcs
  5 ball pythons
  12 bats
  10 endoplasms
  4 giant cockroaches
  8 hobgoblins
  4 jackals (D:4)
  28 kobolds
  4 quokkas
  3 frilled lizards
  15 goblins
  5 rats
552 creatures vanquished.

Vanquished Creatures (collateral kills)
  4 oklob plants (Lair:4)
  A yak (Lair:4)
5 creatures vanquished.

Vanquished Creatures (others)
  A kobold brigand (D:9)
  27 fungi
  37 plants
65 creatures vanquished.

Grand Total: 622 creatures vanquished

Notes
Turn   | Place    | Note
-------+----------+-------------------------------------------
     0 | D:1      | AvatarAndi78 the Minotaur Berserker began the quest for the
                  | Orb.
     0 | D:1      | Reached XP level 1. HP: 19/19 MP: 0/0
   269 | D:1      | Reached XP level 2. HP: 13/27 MP: 1/1
   823 | D:1      | Reached XP level 3. HP: 30/33 MP: 2/2
  1201 | D:2      | Found a shadowy altar of Dithmenos.
  1228 | D:2      | Noticed Natasha
  1232 | D:2      | Killed Natasha
  1389 | D:2      | Found a faded altar of an unknown god.
  1439 | D:2      | Reached XP level 4. HP: 38/41 MP: 3/3
  2010 | D:3      | Reached ** piety under Trog
  2011 | D:3      | Reached skill level 5 in Axes
  2099 | D:3      | Noticed Pargi
  2109 | D:3      | Killed Pargi
  2110 | D:3      | Reached skill level 1 in Short Blades
  2110 | D:3      | Reached skill level 1 in Shields
  2110 | D:3      | Reached XP level 5. HP: 47/47 MP: 4/4
  2685 | D:3      | Reached skill level 5 in Fighting
  2723 | D:3      | Noticed Terence
  2733 | D:3      | Killed Terence
  2734 | D:3      | Reached XP level 6. HP: 56/56 MP: 5/5
  2846 | D:3      | Found a hazy altar of Hepliaklqana.
  2980 | D:3      | Found a shimmering blue altar of Sif Muna.
  2980 | D:3      | Found an ornate altar of the Wu Jian Council.
  3209 | D:4      | Found Dothefip's Jewellery Boutique.
  3236 | D:4      | Reached skill level 2 in Shields
  3273 | D:4      | Found a bloodstained altar of Trog.
  3283 | D:4      | Reached skill level 1 in Polearms
  3400 | D:4      | Found a glowing golden altar of the Shining One.
  3511 | D:4      | Reached skill level 3 in Shields
  3599 | D:4      | Reached XP level 7. HP: 61/61 MP: 6/6
  3615 | D:4      | Found a white marble altar of Elyvilon.
  4037 | D:4      | Found Ucefoc's Magic Scroll Emporium.
  4142 | D:4      | Reached *** piety under Trog
  4467 | D:5      | Entered Level 5 of the Dungeon
  4598 | D:5      | Reached skill level 5 in Armour
  4612 | D:5      | Reached skill level 4 in Shields
  4653 | D:5      | Reached skill level 5 in Polearms
  4653 | D:5      | Reached XP level 8. HP: 66/69 MP: 7/7
  5185 | D:5      | Reached skill level 5 in Shields
  5773 | D:6      | Noticed a two-headed ogre
  5784 | D:6      | Killed a two-headed ogre
  5785 | D:6      | Reached skill level 6 in Shields
  5785 | D:6      | Reached XP level 9. HP: 75/75 MP: 8/8
  6115 | D:6      | Reached **** piety under Trog
  6663 | D:6      | Found a staircase to the Ecumenical Temple.
  7149 | D:7      | Reached skill level 1 in Stealth
  7175 | D:7      | Noticed Harold
  7194 | D:7      | Killed Harold
  7195 | D:7      | Reached skill level 7 in Shields
  7982 | D:8      | Identified a scroll of acquirement
  7982 | D:8      | Acquired a ring of flight
  8012 | D:8      | Reached XP level 10. HP: 84/84 MP: 9/9
  8080 | D:8      | Found a flagged portal.
  8089 | Bailey   | Entered a bailey
  8230 | Bailey   | Found a burning altar of Makhleb.
  8429 | D:8      | Reached skill level 8 in Shields
  8433 | D:8      | Noticed an elephant
  8457 | D:8      | Reached skill level 10 in Polearms
  8461 | D:8      | Killed an elephant
  8747 | D:8      | Reached skill level 9 in Shields
  8770 | D:8      | Found a staircase to the Lair.
  9553 | D:9      | Found a radiant altar of Vehumet.
  9562 | D:9      | Found an iron altar of Okawaru.
  9748 | D:9      | Identified the +8 scale mail "Ducwan" {Regen+ Int+2 Dex-3}
  9955 | D:9      | Reached XP level 11. HP: 68/94 MP: 10/10
 10152 | D:9      | Found Saxicvie's Weapon Shoppe.
 10553 | D:9      | Found a shadowy altar of Dithmenos.
 10944 | D:10     | Entered Level 10 of the Dungeon
 11109 | D:10     | Noticed a two-headed ogre
 11118 | D:10     | Killed a two-headed ogre
 11119 | D:10     | Reached skill level 10 in Armour
 11119 | D:10     | Reached skill level 10 in Shields
 11280 | D:10     | Gained mutation: Your magical capacity is low. (-10% MP)
                  | [potion of mutation]
 11280 | D:10     | Gained mutation: Your body sometimes deteriorates upon
                  | taking damage. [potion of mutation]
 11421 | D:10     | Found a snail-covered altar of Cheibriados.
 11521 | D:10     | Noticed Snorg
 11534 | D:10     | Killed Snorg
 11597 | D:10     | Noticed a two-headed ogre
 11603 | D:10     | Killed a two-headed ogre
 11622 | D:10     | Noticed Maurice
 11638 | D:10     | Killed Maurice
 11697 | D:10     | Noticed a two-headed ogre
 11706 | D:10     | Killed a two-headed ogre
 11707 | D:10     | Reached skill level 11 in Shields
 11943 | D:10     | Noticed a two-headed ogre
 11950 | D:10     | Killed a two-headed ogre
 12207 | D:11     | Lost mutation: Your body sometimes deteriorates upon taking
                  | damage. [potion of mutation]
 12207 | D:11     | Lost mutation: Your magical capacity is low. (-10% MP)
                  | [potion of mutation]
 12207 | D:11     | Gained mutation: Your body sometimes deteriorates upon
                  | taking damage. [potion of mutation]
 12241 | D:11     | Found a staircase to the Orcish Mines.
 12393 | D:11     | Reached XP level 12. HP: 105/105 MP: 11/11
 12419 | D:11     | Noticed Sonja
 12442 | D:11     | Killed Sonja
 12765 | D:11     | Reached skill level 12 in Shields
 13024 | D:11     | Found a portal to a secret trove of treasure.
 13264 | D:12     | Noticed a two-headed ogre
 13272 | D:12     | Killed a two-headed ogre
 13376 | D:12     | Noticed an eight-headed hydra
 13386 | D:12     | Killed an eight-headed hydra
 13387 | D:12     | Reached skill level 10 in Fighting
 13521 | D:12     | Reached skill level 1 in Maces & Flails
 14105 | D:12     | Identified the +0 ring mail of Curiosity {rF+}
 14460 | D:13     | Noticed a two-headed ogre
 14469 | D:13     | Killed a two-headed ogre
 14585 | D:13     | Noticed a catoblepas
 14600 | D:13     | Killed a catoblepas
 14601 | D:13     | Reached skill level 13 in Shields
 14744 | D:13     | Noticed a five-headed hydra
 14753 | D:13     | Killed a five-headed hydra
 14954 | D:13     | You are sucked into a shaft and drop 1 floor!
 15213 | D:13     | HP: 5/107 [iron troll (17)]
 15620 | D:12     | Noticed a two-headed ogre
 15620 | D:12     | a lindwurm changed into a two-headed ogre
 15621 | D:12     | a two-headed ogre changed into a swamp dragon
 15625 | D:12     | Noticed a great orb of eyes
 15625 | D:12     | a swamp dragon changed into a great orb of eyes
 15626 | D:12     | Noticed a satyr
 15626 | D:12     | a great orb of eyes changed into a satyr
 15626 | D:12     | a satyr changed into a merfolk
 16029 | D:13     | Found a gate to the Vaults.
 16276 | D:14     | Noticed a five-headed hydra
 16293 | D:14     | Killed a five-headed hydra
 16598 | Lair:1   | Entered Level 1 of the Lair of Beasts
 16896 | Lair:1   | Noticed a seven-headed hydra
 16918 | Lair:1   | Killed a seven-headed hydra
 17678 | Lair:1   | Reached XP level 13. HP: 116/116 MP: 12/12
 18033 | Lair:2   | Reached skill level 14 in Shields
 18619 | Lair:3   | Reached skill level 5 in Maces & Flails
 19031 | Lair:3   | Reached ***** piety under Trog
 19155 | Lair:3   | Received a gift from Trog
 20163 | Lair:4   | Identified the +6 battleaxe of Gaupodgh {pain, rCorr Str+2}
 20402 | Lair:4   | Found a staircase to the Shoals.
 20692 | Lair:4   | Reached skill level 15 in Shields
 20722 | Lair:4   | Found a hole to the Spider Nest.
 21176 | Lair:5   | Found a frozen archway.
 21212 | IceCv    | Entered an ice cave
 21914 | IceCv    | Reached XP level 14. HP: 95/127 MP: 13/13
 22039 | IceCv    | Reached skill level 16 in Shields
 22189 | IceCv    | Noticed a frost giant
 22214 | IceCv    | Killed a frost giant
 23469 | Lair:5   | Found a runed translucent door.
 23469 | Lair:5   | Found a viscous altar of Jiyva.
 23472 | Lair:5   | Noticed an acid blob
 23641 | Lair:5   | Found a staircase to the Slime Pits.
 23641 | Lair:5   | Noticed an acid blob
 23652 | Lair:5   | Killed an acid blob
 23663 | Lair:5   | Killed an acid blob
 24532 | D:4      | Bought a scroll of teleportation for 42 gold pieces
 24532 | D:4      | Bought a scroll of teleportation for 42 gold pieces
 24532 | D:4      | Bought a scroll of teleportation for 42 gold pieces
 24532 | D:4      | Bought a scroll of acquirement for 728 gold pieces
 24532 | D:4      | Acquired a +0 eveningstar of protection
 24662 | Temple   | Entered the Ecumenical Temple
 24988 | Lair:6   | Entered Level 6 of the Lair of Beasts
 25264 | Lair:6   | Reached skill level 17 in Shields
 25706 | Lair:6   | Found a runed translucent door.
 25706 | Lair:6   | Noticed tensugalgo's ghost (journeyman OgCK)
 26821 | Lair:6   | Reached XP level 15. HP: 127/137 MP: 14/14
 27620 | Lair:6   | Killed tensugalgo's ghost
 27698 | Lair:6   | Upgraded the game from 0.28-a0-863-g8cecda6153 to
                  | 0.28-a0-881-gae16bb6c82
 27782 | Shoals:1 | Entered Level 1 of the Shoals
 28086 | Shoals:1 | Found Uxzuf's Magic Scroll Shop.
 28091 | Shoals:1 | Found Tonayg's General Store.
 28108 | Shoals:1 | HP: 3/137 [drowned by a drowned soul[a merfolk avatar]
                  | (14)]
 28109 | Shoals:1 | Drowned by a drowned soul

Illustrated notes

Levels and vault maps discovered:
D:1:      minmay_arrival_solitary_statue, layout_basic, chequers_avenue,
          chequers_serial_rivers_room_a
D:2:      layout_basic, basic_altar, chequers_ecumenical_altar_twisty,
          minmay_misc_feat_cross, uniq_natasha
D:3:      minmay_octagon_keep, layout_basic, mainiacjoe_overflow_cross_hatched,
          gammafunk_temple_overflow_statue, uniq_terence, uniq_pargi
D:4:      mumra_celtic_spiral_tile, layout_rooms,
          nicolae_tso_swordbearing_angel, elyvilon_altar_4, lemuel_doored_altar,
          serial_shops, nicolae_stop_n_shop_1,
          nicolae_shop_competitors_out_of_business, minmay_ogre_servants
D:5:      layout_basic, minivault_25, chequers_decorated_corner
D:6:      layout_basic, minmay_temple_entry_butterflies,
          kennysheep_generic_room_4
D:7:      layout_basic, chequers_serial_rivers_micro_c, uniq_harold
D:8:      layout_basic, david_lair_generic, enter_bailey_8, serial_bayou,
          serial_bayou_pond_e, serial_bayou_shore_a, serial_bayou_pond_e,
          serial_bayou_pond_d, hangedman_decor_points, lightli_orcish_oven
D:9:      layout_loops_corners, okawaru_humans,
          grunt_dithmenos_smoke_and_mirrors, old_standard_altar, serial_shops,
          nicolae_shop_bloodbath_and_beyond, grunt_ministairs_5
D:10:     minmay_s_stair_smasher, layout_irregular_city, cheibriados_altar_1,
          uniq_snorg, uniq_maurice
D:11:     layout_basic, orc_0_dummy, nicolae_trove_entry_free_sample, uniq_sonja
D:12:     layout_stronghold
D:13:     layout_grid_maze, david_vaults_4
D:14:     hangedman_cross_cluster, layout_stronghold, fedhas_altar_2,
          glass_columns_a, jiyva_altar_1
Temple:   nicolae_temple_hex_pool
Lair:1:   layout_roguey, infiniplex_staircase_pool, serial_bayou_shore_b,
          grunt_megastairs_3
Lair:2:   layout_regular_city, roderic_batcave, lemuel_fruit_fields
Lair:3:   layout_cave_pods, grunt_megastairs_2, infiniplex_staircase_pool_2
Lair:4:   minmay_lair_oklob_chamber, layout_regular_city,
          elwin_shoals_entry_rocks, spider_nest_entry_webs,
          kennysheep_catoblepas_arena, lemuel_fruit_fields
Lair:5:   layout_concentric_octagons, slime_altar_2,
          portal_ice_cave_demonic_guard
Lair:6:   minmay_lair_end_enchanted_forest, layout_misc_corridors,
          hellmonk_ghost_happy_afterlife
Shoals:1: layout_shoals, serial_shops, nicolae_shop_statue_plus,
          nicolae_shop_stone, nicolae_shop_crystal, shop_fountains,
          ebering_ghost_disaster_area

Skill      XL: |  1  2  3  4  5  6  7  8  9 10 11 12 13 14 15 |
---------------+----------------------------------------------+-----
Fighting       | 4 5 6 8 9 11 12 13 | 13.9
Axes           | 4 5 |  5.7
Armour         | 3 4 5 6 8 9 11 12 13 14 | 14.6
Short Blades   | 1 2 |  2.2
Shields        | 1 3 4 6 7 9 11 13 15 17 | 17.6
Dodging        | 3 4 |  4.9
Polearms       | 2 5 7 9 11 12 13 14 | 14.8
Stealth        | 1 |  1.7
Maces & Flails | 4 7 8 9 |  9.3
Evocations     | |  0.6

Action                   |  1- 3 |  4- 6 |  7- 9 | 10-12 | 13-15 || total
-------------------------+-------+-------+-------+-------+-------++-------
Melee: Hand axe          |    45 |       |       |       |       ||    45
       Headbutt          |     7 |    11 |    55 |   180 |   340 ||   593
       Short sword       |     2 |    68 |       |       |       ||    70
       Spear             |       |    41 |   343 |   530 |   293 ||  1207
       Flail             |       |       |       |   247 |   519 ||   766
       Eveningstar       |       |       |       |       |   513 ||   513
       Battleaxe         |       |       |       |       |    12 ||    12
Invok: Berserk           |     2 |     2 |     4 |     9 |     7 ||    24
       Trog's Hand       |       |     1 |     2 |    11 |    14 ||    28
       Brothers in Arms  |       |       |       |       |     1 ||     1
Evoke: Wand              |       |       |       |     7 |     1 ||     8
       Lightning rod     |       |       |       |       |     3 ||     3
  Use: Potion            |       |     6 |       |    15 |     5 ||    26
       Scroll            |       |     3 |     7 |     5 |    15 ||    30
 Stab: Distracted        |       |       |       |     1 |       ||     1
       Invisible         |       |       |       |       |     3 ||     3
Armor: Leather armour    |     8 |    23 |       |       |       ||    31
       Scale mail        |       |     5 |    77 |       |       ||    82
       Plate armour      |       |       |     1 |   412 |   696 ||  1109
Dodge: Dodged            |    26 |    30 |    54 |   138 |   375 ||   623
Block: Kite shield       |     1 |    65 |   167 |   561 |  1403 ||  2197
       Reflection        |       |     2 |     9 |    29 |    15 ||    55
       Other             |       |       |       |       |     2 ||     2

Table legend: (Time is in decaauts)
 A = Elapsed time spent in this place.
 B = Non-inter-level travel time spent in this place.
 C = Inter-level travel time spent in this place.
 D = Time resting spent in this place.
 E = Time spent auto-exploring this place.
 F = Levels seen in this place.
 G = Mean time per level.
                   A        B        C        D        E       F      G
               +--------+--------+--------+--------+--------+-----+--------+
         Total |  28073 |  26266 |   1807 |      0 |  21435 |  24 | 1169.7 |
       Dungeon |  17228 |  15865 |   1363 |      0 |  13416 |  14 | 1230.6 |
        Temple |     69 |     64 |      5 |      0 |     53 |   1 |   69.0 |
          Lair |   9261 |   8823 |    438 |      0 |   7015 |   6 | 1543.5 |
        Shoals |    321 |    321 |      0 |      0 |    200 |   1 |  321.0 |
        Bailey |    167 |    167 |      0 |      0 |      0 |   1 |  167.0 |
      Ice Cave |   1025 |   1025 |      0 |      0 |    751 |   1 | 1025.0 |
               +--------+--------+--------+--------+--------+-----+--------+

Top non-repeatable levels by time:
  Lair:6: 2556 daAuts
  Lair:5: 1985 daAuts
    D:12: 1832 daAuts
     D:6: 1550 daAuts
  Lair:3: 1547 daAuts
     D:3: 1516 daAuts
     D:8: 1464 daAuts
     D:9: 1424 daAuts
    D:13: 1422 daAuts
     D:4: 1407 daAuts
  Lair:1: 1261 daAuts
    D:10: 1203 daAuts
  Lair:4: 1140 daAuts
     D:5: 1126 daAuts
     D:7: 1099 daAuts
